 Dungeon Crawl Stone Soup version 0.30-a0-1163-gf69bf04e7a (webtiles) character file.

Game seed: 13518069769022850023

395 cheesebisquit the Trooper (level 6, -1/60 HPs)
             Began as a Draconian Fire Elementalist on Apr 28, 2023.
             Slain by a river rat (6 damage)
             ... in a sewer.
             The game lasted 00:08:52 (3094 turns).

cheesebisquit the Trooper (DrFE)                    Turns: 3094, Time: 00:08:53

Health: -1/60      AC:  7    Str: 11    XL:     6   Next: 52%
Magic:  1/9        EV: 12    Int: 17    God:
Gold:   112        SH:  0    Dex: 17    Spells: 8/9 levels left

rFire   . . .        i - +0 short sword
rCold   . . .        (no shield)
rNeg    . . .        (body armour unavailable)
rPois   .            (helmet restricted)
rElec   .            (no cloak)
rCorr   +            h - +0 pair of gloves
SInv    .            (no boots)
Will    .....        (no amulet)
Stlth   ++           d - ring of resist corrosion
HPRegen 0.30/turn    g - +6 ring of dexterity
MPRegen 0.11/turn

%: no passive effects
@: mighty, brilliant
A: AC +6, unfitting armour, cold-blooded
a: no special abilities


You were in a sewer.
You visited 1 branch of the dungeon, and saw 3 of its levels.
You also visited: Sewer.

You collected 112 gold pieces.

Inventory:

Hand Weapons
 i - a +0 short sword (weapon)
 j - a +0 mace
Missiles
 c - 3 poisoned darts
 l - a throwing net
Armour
 h - a +0 pair of gloves (worn)
Jewellery
 d - a ring of resist corrosion (left hand)
 g - a +6 ring of dexterity (right hand)
Scrolls
 a - a scroll of noise {unknown}
 b - a scroll of magic mapping {unknown}
 e - a scroll of vulnerability {unknown}
 n - a scroll of acquirement {unknown}
 o - a scroll of poison {unknown}
 q - a scroll of fear {unknown}
 r - a scroll of teleportation {unknown}
Potions
 f - a potion of cancellation
 p - 5 potions of flight


   Skills:
 + Level 7.3 Fighting
 - Level 1.7 Dodging
 - Level 1.7 Stealth
 - Level 2.0 Spellcasting
 - Level 1.0 Conjurations
 - Level 3.0 Fire Magic


You had 8 spell levels left.
You knew the following spells:

 Your Spells              Type           Power      Damage    Failure   Level
a - Foxfire               Conj/Fire      48%        2x1d6     9%          1

Your spell library contained the following spells:

 Spells                   Type           Power      Damage    Failure   Level
 Scorch                   Fire           34%        2d6       9%          2
 Shock                    Conj/Air       20%        1d4       16%         1
 Inner Flame              Hex/Fire       10%        N/A       30%         3
 Volatile Blastmotes      Fire/Tloc      20%        2d11      30%         3
 Frozen Ramparts          Ice            4%         1d1       50%         3
 Swiftness                Air            2%         N/A       50%         3
 Flame Wave               Conj/Fire      12%        2d6       63%         4
 Airstrike                Air            1%         2d(1-17)  88%         4
 Ice Form                 Ice/Tmut       2%         N/A       88%         4
 Summon Ice Beast         Ice/Summ       2%         N/A       88%         4


Dungeon Overview and Level Annotations

Branches:
Dungeon (3/15)              Sewer (1/1)

Altars:

Annotations:
D:3 2 transporters, turdburglar's ghost, amateur TrFi


Innate Abilities, Weirdness & Mutations

Your plain brown scales are hard. (AC +6)
You cannot fit into any form of body armour.
You are cold-blooded and may be slowed by cold attacks.


Message History

You closely miss the river rat.
The river rat is heavily wounded.
The foxfire hits the river rat but does no damage. x2
The river rat is heavily wounded.
The river rat bites you but does no damage.
The river rat bites you.
The river rat bites you but does no damage.
You feel very mighty all of a sudden. The river rat bites you. x2
* * * LOW HITPOINT WARNING * * *
The river rat bites you.
* * * LOW HITPOINT WARNING * * *
You feel clever all of a sudden.
The river rat bites you but does no damage. x2
The river rat bites you.
* * * LOW HITPOINT WARNING * * *
Casting: Foxfire (safe; 9% risk of failure)
Press: ? - help, Q - select action, (/) - cycle Dir - look around, f - activate You feel a surge of power!
You conjure some foxfire!
The river rat bites you.
* * * LOW HITPOINT WARNING * * *
The river rat bites you.
* * * LOW HITPOINT WARNING * * *
The river rat misses you.
Okay, then.
Okay, then.
The foxfire hits the river rat.
The river rat is moderately wounded.
The foxfire hits the river rat but does no damage.
The river rat is heavily wounded.
The river rat bites you but does no damage.
The river rat attacks as you move away! The river rat barely misses you.
There is a large open door here.
You see here an adder corpse.
You hit the river rat but do no damage.
You are too injured to fight recklessly!
You hit the river rat.
Your tail-slap misses the river rat.
The river rat is almost dead.
The river rat misses you. The river rat bites you.
You die...

#~≈~#####
#~≈.# #.≈~#
#.≈~# #~≈~#
#### #.≈~#
#∩∩# #.≈~#
#..#
#~≈~####..###
#~≈~##.#..#@#
#~≈.##.'..rr#
#~≈~##.'..'.#
#~≈~##.#†.#.#
#~≈~## #..###
#~≈~# #..#
#~≈~####..###
#~≈~##!#..#.#
#.≈~##!'..'.#


You could see 2 river rats.

Vanquished Creatures
  Sigmund (D:3)
  Jessica (D:2)
  3 gnolls (D:2)
  2 river rats (Sewer)
  10 adders
  A worm (D:2)
  4 dart slugs
  5 endoplasms
  2 giant cockroaches (Sewer)
  7 goblins
  3 jackals (Sewer)
  4 kobolds (D:1)
  3 quokkas
  5 ball pythons
  10 bats
  2 frilled lizards
  7 rats
70 creatures vanquished.

Vanquished Creatures (others)
  220 foxfires
220 creatures vanquished.

Grand Total: 290 creatures vanquished

Notes
Turn   | Place    | Note
-------+----------+-------------------------------------------
     0 | D:1      | cheesebisquit the Draconian Fire Elementalist began the
                  | quest for the Orb.
     0 | D:1      | Reached XP level 1. HP: 14/14 MP: 3/3
    66 | D:1      | Reached skill level 1 in Fighting
   247 | D:1      | Reached skill level 2 in Fighting
   247 | D:1      | Reached XP level 2. HP: 24/24 MP: 1/5
   854 | D:2      | Reached skill level 3 in Fighting
   854 | D:2      | Reached XP level 3. HP: 31/31 MP: 3/6
  1318 | D:2      | Reached skill level 4 in Fighting
  1320 | D:2      | Reached XP level 4. HP: 28/40 MP: 5/7
  1824 | D:2      | Noticed Jessica
  1834 | D:2      | Killed Jessica
  2113 | D:3      | Noticed Sigmund
  2120 | D:3      | Reached skill level 5 in Fighting
  2133 | D:3      | HP: 2/42 [something (10)]
  2137 | D:3      | Killed Sigmund
  2138 | D:3      | Reached skill level 6 in Fighting
  2138 | D:3      | Reached XP level 5. HP: 2/51 MP: 0/8
  2138 | D:3      | Reached XP level 6. HP: 2/58 MP: 0/9
  2346 | D:3      | Found a transporter.
  2391 | D:3      | Found a transporter.
  2391 | D:3      | Noticed turdburglar's ghost (amateur TrFi)
  2526 | D:3      | Found a glowing drain.
  2547 | Sewer    | Entered a sewer
  2667 | Sewer    | Reached skill level 7 in Fighting
  3094 | Sewer    | Slain by a river rat

Illustrated notes

Levels and vault maps discovered:
D:1:      tekkud_arrival_beachfront_property, layout_rooms
D:2:      layout_loops_corners, patterned_corridor, uniq_jessica
D:3:      layout_loops_ring, fedhas_altar_1,
          nicolae_hepliaklqana_monster_ancestors, mainiacjoe_overflow_two_lobes,
          gammafunk_ghost_arena, portal_sewer_entry_b, uniq_sigmund,
          uniq_grinder, uniq_terence
Sewer:    sewer_fruit_machine

Skill      XL: |  1  2  3  4  5  6 |
---------------+-------------------+-----
Fighting       | 2 3 4 6 7 |  7.3
Dodging        | |  1.7
Stealth        | |  1.7
Spellcasting   | |  2.0
Conjurations   | |  1.0
Fire Magic     | |  3.0

Action                     |  1- 3 |  4- 6 || total
---------------------------+-------+-------++-------
  Melee: Unarmed           |    13 |       ||    13
         Short sword       |       |    46 ||    46
         Tailslap          |       |     5 ||     5
   Cast: Foxfire           |    50 |    77 ||   127
    Use: Potion            |     1 |     3 ||     4
         Scroll            |       |     4 ||     4
 Armour: Skin              |     7 |    57 ||    64
  Dodge: Dodged            |    19 |    80 ||    99

Table legend: (Time is in decaauts)
 A = Elapsed time spent in this place.
 B = Non-inter-level travel time spent in this place.
 C = Inter-level travel time spent in this place.
 D = Time resting spent in this place.
 E = Time spent auto-exploring this place.
 F = Levels seen in this place.
 G = Mean time per level.
                   A        B        C        D        E       F      G
               +--------+--------+--------+--------+--------+-----+--------+
         Total |   3133 |   3086 |     47 |      0 |   2619 |   4 |  783.2 |
       Dungeon |   2546 |   2499 |     47 |      0 |   2140 |   3 |  848.7 |
         Sewer |    587 |    587 |      0 |      0 |    479 |   1 |  587.0 |
               +--------+--------+--------+--------+--------+-----+--------+

Top non-repeatable levels by time:
     D:2: 1229 daAuts
     D:1: 820 daAuts
   Sewer: 587 daAuts
     D:3: 497 daAuts
